Map: Oxide LE

Players

soul - Winner!

  • Race: Terran Terran
  • Spawn Location: 7:00

Stats

  • Race: Protoss Protoss
  • Spawn Location: 1:00

Event: StayAtHome Story Cup #3

VOD

Have the link to the VOD?

Description

Time

  • Played on: March 13, 2021, 9:53 a.m.
  • Length: 13:17

All games in this series

Show
View Real Time Build Order
Export as new Build Order

soul Terran - Winner!

Build Orders:  

Get SALT Encoding   

  12  0:00  SCV  
  13  0:13  SCV  
  14  0:18  Supply Depot  
  14  0:25  SCV  
  15  0:39  SCV  
  15  0:41  Barracks  
  16  0:51  SCV  
  17  1:01  Engineering Bay  
  17  1:02  Supply Depot  
  17  1:06  SCV  
  18  1:18  SCV  
  19  1:32  Orbital Command, Marine  
  20  1:48  Command Center  
  20  1:50  Marine  
  21  1:58  SCV  
  22  2:08  Marine  
  22  2:10  SCV  
  24  2:21  Command Center  
  24  2:26  Marine  
  24  2:29  SCV  
  26  2:36  Bunker  
  26  2:40  Refinery  
  26  2:41  Refinery, SCV  
  26  2:44  Marine  
  28  2:54  SCV, Barracks  
  29  3:05  Marine  
  30  3:06  SCV  
  30  3:15  Engineering Bay  
  30  3:18  SCV  
  32  3:27  Orbital Command  
  32  3:30  SCV  
  33  3:34  Factory  
  33  3:36  Orbital Command  
  31  3:42  SCV  
  31  3:43  Barracks Tech Lab  
  32  3:51  Barracks Reactor  
  32  3:53  SCV  
  32  3:54  SCV  
  34  3:59  Barracks  
  34  4:02  Stimpack  
  34  4:04  SCV  
  34  4:05  SCV  
  34  4:06  Marine  
  34  4:09  SCV  
  38  4:16  SCV  
  39  4:17  SCV  
  39  4:19  Factory Tech Lab  
  39  4:21  SCV  
  39  4:23  Refinery  
  41  4:24  Missile Turret  
  41  4:26  Marine  
  41  4:27  Marine  
  41  4:28  SCV, Marine  
  41  4:29  SCV  
  46  4:33  SCV  
  46  4:37  Siege Tank  
  50  4:40  SCV  
  50  4:41  SCV  
  52  4:47  SCV, Supply Depot  
  52  4:49  Starport, Barracks Tech Lab  
  54  4:52  SCV  
  54  4:53  SCV  
  54  4:57  Missile Turret  
  57  5:00  Marauder, Marine x2  
  59  5:07  Refinery  
  59  5:10  Barracks  
  59  5:12  Barracks  
  59  5:14  Terran Infantry Weapons Level 1  
  59  5:16  SCV  
  59  5:19  SCV  
  59  5:20  SCV  
  62  5:25  Supply Depot  
  62  5:27  Starport Reactor  
  62  5:29  Siege Tank  
  62  5:34  Marine x2  
  68  5:38  Marauder  
  69  5:45  Supply Depot  
  69  5:47  SCV x2, Marauder  
  69  5:48  Supply Depot, Combat Shield  
  69  5:49  Concussive Shells  
  73  5:52  Marine x2  
  75  5:57  Barracks Reactor  
  75  5:59  Barracks Tech Lab  
  75  6:07  Supply Depot  
  75  6:09  Marauder x2  
  75  6:11  Marine  
  83  6:12  Medivac, Supply Depot  
  83  6:15  Medivac  
  83  6:16  Marine  
  83  6:17  SCV x2  
  87  6:19  Marauder  
  87  6:23  Orbital Command  
  89  6:29  SCV x2, Marine  
  89  6:30  Siege Tank  
  89  6:31  Supply Depot  
  94  6:37  Supply Depot  
  94  6:38  Marine x2  
  94  6:39  Marauder x2, Marine  
  101  6:41  SCV  
  101  6:44  Medivac  
  101  6:45  Marine  
  101  6:46  Marine  
  103  6:50  SCV  
  104  6:56  Marine  
  104  6:59  Marine  
  104  7:00  Marauder x2, Marine, Supply Depot  
  111  7:04  Missile Turret  
  111  7:08  Siege Tank  
  114  7:09  Marauder  
  114  7:15  Marine  
  114  7:16  Marine  
  114  7:20  Marine  
  114  7:21  Marauder x2, Marine  
  120  7:23  Medivac  
  122  7:30  Medivac  
  122  7:31  Marauder  
  122  7:32  Marine, Supply Depot  
  122  7:35  Supply Depot  
  127  7:37  Marine  
  127  7:40  Marine  
  127  7:43  Marauder x2, Marine  
  129  7:52  Marauder, Marine  
  129  7:54  Medivac  
  134  8:04  Marine  
  133  8:07  Marine  
  133  8:10  Marauder, Marine  
  133  8:11  Marine  
  124  8:13  Medivac  
  124  8:18  Marauder x2, Supply Depot  
  124  8:19  SCV x2, Supply Depot  
  132  8:20  SCV  
  132  8:22  Marine  
  132  8:24  Medivac  
  132  8:25  Marine  
  137  8:28  Marine  
  137  8:29  Marine  
  137  8:31  SCV x2  
  137  8:32  Marauder  
  143  8:35  SCV  
  143  8:39  Marauder x2  
  143  8:40  Marine  
  149  8:42  Marine  
  149  8:45  Marine  
  149  8:47  Marine  
  145  8:53  Marauder  
  140  8:57  Marine  
  140  9:00  Marine x2  
  140  9:01  Marauder  
  142  9:03  Marine  
  142  9:05  Marine  
  144  9:14  Marauder  
  144  9:15  Marine  
  142  9:18  Marine, Medivac x2  
  142  9:19  Marauder  
  142  9:21  Marine  
  142  9:22  Marauder  
  142  9:23  Marine  
  114  9:33  Marine  
  114  9:36  Marauder, Marine  
  112  9:39  Marine  
  112  9:40  Marauder, Marine  
  112  9:43  Marauder  
  115  9:46  SCV  
  115  9:48  SCV x2  
  115  9:51  Marine  
  121  9:54  Marine  
  121  9:57  Marauder, Marine  
  121  9:58  SCV, Marine  
  127  10:01  Marauder  
  127  10:02  SCV x2  
  127  10:05  Marauder  
  131  10:07  Viking  
  131  10:09  Marine  
  131  10:10  SCV  
  131  10:12  Marine  
  131  10:14  SCV, Marine  
  137  10:16  Marine  
  137  10:19  Marauder  
  141  10:23  Marauder  
  141  10:26  Marauder, Marine  
  141  10:27  Terran Infantry Armor Level 1, Supply Depot  
  141  10:28  Supply Depot  
  146  10:29  Marine  
  146  10:32  Marine  
  146  10:34  Marine  
  141  10:40  Marauder, Medivac  
  145  10:44  Marauder, Marine  
  145  10:47  Marine  
  145  10:48  Marauder  
  145  10:49  Refinery x2  
  151  10:50  Marine  
  151  10:52  Marine  
  148  10:58  Medivac  
  148  11:01  Marauder  
  148  11:02  Marine  
  150  11:05  Marine  
  150  11:06  Marauder  
  150  11:08  Marine  
  150  11:09  Marauder  
  150  11:10  SCV x2  
  152  11:13  Marine  
  152  11:15  SCV  
  154  11:20  Marine  
  154  11:22  SCV x2  
  154  11:23  Marauder  
  154  11:24  Command Center  
  159  11:27  Marauder, Siege Tank  
  159  11:30  Marauder  
  166  11:34  Ghost Academy  
  166  11:39  Marine  
  159  11:43  Marine  
  159  11:44  Marauder  
  157  11:48  Marauder  
  157  11:52  Marauder  
  157  11:53  Marine  
  139  11:54  Marine, Medivac x2  
  139  11:59  SCV x3, Marine  
  140  12:02  Marine  
  140  12:06  Marauder  
  139  12:10  Marauder  
  139  12:11  SCV, Marine  
  139  12:14  SCV x2  
  145  12:23  SCV  
  145  12:24  Viking x2  
  145  12:26  SCV  
  143  12:40  Marine  
  143  12:41  Siege Tank  
  143  12:43  Marine  
  139  12:45  Marine  
  139  12:47  Marine  
  139  12:48  Marauder  
  134  12:52  Marauder  
  134  12:56  Marauder  
  134  12:58  Marine  
Show
View Real Time Build Order
Export as new Build Order

Stats Protoss 

Build Orders: Zealot Archon, Archon Drop, Dark Templar Rush 

Get SALT Encoding   

  12  0:00  Probe  
  13  0:12  Probe  
  14  0:17  Pylon  
  14  0:24  Probe (Chrono Boost)  
  15  0:36  Probe (Chrono Boost)  
  15  0:38  Gateway  
  16  0:45  Probe (Chrono Boost)  
  16  0:46  Assimilator  
  17  0:51  Probe  
  18  1:03  Probe  
  19  1:15  Probe  
  20  1:25  Cybernetics Core  
  20  1:30  Zealot  
  20  1:31  Probe  
  20  1:32  Pylon  
  23  1:36  Assimilator  
  23  1:50  Probe  
  24  1:59  Stalker (Chrono Boost)  
  24  2:02  Probe  
  24  2:03  Warp Gate  
  27  2:14  Probe  
  28  2:22  Stalker  
  30  2:27  Probe  
  31  2:31  Nexus  
  31  2:36  Pylon  
  31  2:44  Twilight Council  
  31  2:54  Probe  
  31  2:57  Gateway  
  32  3:06  Probe, Stalker  
  35  3:18  Probe  
  36  3:20  Dark Shrine  
  36  3:31  Probe  
  37  3:44  Probe (Chrono Boost)  
  37  3:46  Pylon  
  39  3:49  Probe (Chrono Boost)  
  39  3:52  Robotics Facility  
  39  3:53  Probe (Chrono Boost)  
  39  3:55  Probe (Chrono Boost)  
  41  3:58  Probe (Chrono Boost)  
  41  4:01  Sentry  
  44  4:03  Probe  
  45  4:10  Probe (Chrono Boost)  
  45  4:15  Probe (Chrono Boost)  
  47  4:17  Phoenix  
  48  4:27  Probe (Chrono Boost), Assimilator  
  48  4:28  Probe (Chrono Boost)  
  48  4:30  Nexus  
  49  4:33  Dark Templar x2  
  49  4:34  Probe (Chrono Boost)  
  49  4:35  Probe (Chrono Boost)  
  55  4:45  Observer  
  56  4:47  Pylon  
  56  4:48  Probe x2  
  56  4:52  Pylon  
  56  5:00  Probe (Chrono Boost)  
  56  5:01  Probe (Chrono Boost)  
  58  5:13  Probe (Chrono Boost)  
  60  5:18  Probe (Chrono Boost)  
  60  5:19  Robotics Bay  
  60  5:20  Assimilator  
  61  5:21  Probe (Chrono Boost), Warp Prism  
  61  5:22  Forge  
  61  5:25  Probe (Chrono Boost)  
  61  5:27  Probe (Chrono Boost)  
  64  5:31  Pylon  
  64  5:34  Dark Templar  
  67  5:39  Probe (Chrono Boost)  
  67  5:40  Dark Templar  
  72  5:43  Probe (Chrono Boost), Archon  
  72  5:44  Probe (Chrono Boost)  
  72  5:48  Probe (Chrono Boost)  
  72  5:49  Charge  
  74  5:51  Probe (Chrono Boost)  
  74  5:52  Probe (Chrono Boost)  
  74  5:55  Probe (Chrono Boost), Gateway x2  
  74  5:56  Probe  
  76  6:01  Probe  
  78  6:05  Probe  
  78  6:08  Dark Templar  
  78  6:09  Probe  
  82  6:12  Archon  
  82  6:13  Probe  
  82  6:17  Probe  
  82  6:18  Gateway, Colossus (Chrono Boost)  
  84  6:20  Gateway  
  90  6:28  Gateway x2  
  90  6:31  Protoss Ground Weapons Level 1 (Chrono Boost), Shield Battery  
  90  6:33  Assimilator  
  90  6:40  Zealot x2  
  94  6:49  Stalker  
  94  6:51  Pylon  
  94  6:53  Extended Thermal Lance (Chrono Boost)  
  96  6:55  Pylon  
  96  6:57  Probe x3  
  96  6:59  Assimilator  
  99  7:01  Pylon  
  99  7:04  Pylon  
  99  7:06  Colossus (Chrono Boost)  
  101  7:22  Zealot x5  
  109  7:23  Stalker x2  
  109  7:24  Stalker  
  117  7:31  Probe  
  117  7:32  Pylon  
  117  7:33  Pylon  
  117  7:34  Pylon  
  118  7:44  Zealot x3  
  118  7:50  Colossus (Chrono Boost)  
  114  7:53  Zealot x5  
  102  8:13  Zealot x8  
  118  8:25  Protoss Ground Armor Level 1 (Chrono Boost)  
  118  8:35  Dark Templar  
  118  8:36  Disruptor, Zealot x7  
  125  9:01  Dark Templar  
  125  9:02  Zealot x5  
  133  9:03  Zealot  
  133  9:09  Dark Templar  
  137  9:15  Disruptor  
  110  9:29  Zealot x6  
  110  9:31  Probe x3  
  105  9:46  Probe x3  
  105  9:48  Assimilator  
  105  9:50  Sentry x2  
  112  9:53  Disruptor (Chrono Boost)  
  115  10:00  Zealot, Stalker x4  
  115  10:01  Zealot  
  115  10:04  Probe x3  
  130  10:07  Pylon, Blink (Chrono Boost)  
  130  10:11  Pylon  
  130  10:16  Probe  
  130  10:19  Probe  
  132  10:21  Probe  
  122  10:39  Stalker x4  
  122  10:40  Zealot, Dark Templar x2  
  122  10:41  Zealot  
  107  10:57  Pylon  
  107  11:00  Pylon  
  107  11:05  Pylon  
  107  11:09  Pylon  
  107  11:13  Pylon  
  107  11:20  Pylon x2  
  107  11:26  Pylon  
  107  11:28  Pylon  
  107  11:30  Pylon  
  107  11:37  Disruptor  
  110  11:42  Stalker x6  
  110  11:43  Zealot x2  
  105  12:05  Sentry x2  
  105  12:06  Stalker x6  
  105  12:08  Templar Archives  
  117  12:10  Disruptor (Chrono Boost)  
  120  12:22  Nexus  
  120  12:24  Pylon  
  120  12:30  Zealot x2  
  115  12:52  Pylon  
  115  12:54  Pylon  
  115  12:57  Pylon  
Tags
 
Add a new tag
Caveats
  • Supply blocks, unpowered buildings, or Contaminate may cause inaccurate times.
  • Supply counts are checked every 10 seconds.